Nashville Predators vs Edmonton Oilers
Created - Monday, March 31, 2025 at 08:20
Goals
|
| Nashville Predators |
1 |
1 |
1 |
3 |
| Edmonton Oilers |
0 |
1 |
4 |
5 |
|
Shots
|
| Nashville Predators |
12 |
10 |
9 |
31 |
| Edmonton Oilers |
9 |
17 |
14 |
40 |
|
1st period
1. Nashville Predators , Alexander Wennberg 8 (Travis Sanheim 14, Colton Sissons 25) at 7:12 (PP)
Penalties :
Jacob Trouba (EDM) for Holding (Minor) at 6:37, Adrian Kempe (EDM) for Cross-checking (Minor) at 9:42, Troy Stecher (EDM) for Interference (Minor) at 18:29
2nd period
2. Edmonton Oilers , Jeff Carter 7 (Brock Boeser 18, David Savard 10) at 10:14
3. Nashville Predators , Alex DeBrincat 11 (Brandon Montour 14, Tage Thompson 18) at 10:22
Penalties :
Ben Chiarot (NSH) for Roughing (Minor) at 18:56
3rd period
4. Edmonton Oilers , Adrian Kempe 14 (Boone Jenner 18) at 0:04 (PP)
5. Edmonton Oilers , Morgan Barron 5 (Joey Anderson 4, Brandon Carlo 12) at 4:08
6. Edmonton Oilers , Joey Anderson 3 (Morgan Barron 3) at 18:39 (Empty Net)
7. Nashville Predators , Pius Suter 9 (Leo Carlsson 11, Artem Zub 12) at 19:05
8. Edmonton Oilers , Jacob Trouba 2 (Adrian Kempe 30, David Perron 24) at 19:29 (Empty Net)
Penalties :
Brandon Montour (NSH) for Diving (Minor) at 0:28, Ryan Hartman (NSH) for Roughing (Minor) at 0:51, Troy Stecher (EDM) for High sticking (Minor) at 5:17
Goalie Stats
Thatcher Demko (NSH), 35 saves from 38 shots - (0.921), L, 19-15-3, 59:42 minutes
Juuse Saros (EDM), 28 saves from 31 shots - (0.903), W, 10-15-4, 60:00 minutes
Players Stats for Nashville Predators
Player Name G A P +/- PIM S H SB GA TA FO MP PP MP PK MP
------------------------------------------------------------------------------------
Alex DeBrincat 1 0 1 0 0 3 0 0 0 0 0/2 19:26 3:27 0:00
Alexander Wennberg 1 0 1 -1 0 1 0 1 0 0 0/0 16:01 3:00 0:51
Artem Zub 0 1 1 -1 0 1 2 6 1 1 0/0 29:10 3:09 1:49
Ben Chiarot 0 0 0 0 2 0 2 0 1 1 0/0 16:00 0:00 0:38
Brandon Montour 0 1 1 -2 2 2 2 2 1 1 0/0 20:06 3:23 1:13
Colton Sissons 0 1 1 -2 0 6 3 0 0 0 8/19 18:16 3:00 2:16
Justin Faulk 0 0 0 0 0 0 0 1 0 0 0/0 3:09 0:00 0:00
Kailer Yamamoto 0 0 0 -2 0 0 1 0 0 0 0/0 10:11 0:00 0:00
Leo Carlsson 0 1 1 1 0 2 2 0 1 0 0/0 12:10 0:05 0:27
Pius Suter 1 0 1 1 0 1 1 0 0 0 0/1 11:40 0:05 0:23
Rasmus Andersson 0 0 0 0 0 1 1 0 1 0 0/0 22:31 3:09 1:41
Ryan Hartman 0 0 0 -2 2 3 3 0 1 0 0/0 17:16 3:00 1:16
Tage Thompson 0 1 1 1 0 1 0 1 0 0 11/21 19:02 3:27 0:00
Taylor Raddysh 0 0 0 -2 0 0 1 0 0 0 0/0 10:11 0:00 0:00
Thomas Novak 0 0 0 1 0 3 1 0 1 2 6/12 11:17 0:05 0:00
Timo Meier 0 0 0 0 0 4 2 0 0 0 0/1 19:26 3:27 0:00
Travis Sanheim 0 1 1 0 0 2 2 3 0 4 0/0 28:48 3:23 1:49
Trevor Zegras 0 0 0 -2 0 1 0 0 1 0 1/3 10:11 0:00 0:00
Players Stats for Edmonton Oilers
Player Name G A P +/- PIM S H SB GA TA FO MP PP MP PK MP
------------------------------------------------------------------------------------
Adrian Kempe 1 1 2 0 2 5 4 0 0 1 2/2 16:48 1:46 1:53
Boone Jenner 0 1 1 0 0 2 0 1 0 0 13/19 18:07 1:46 3:10
Brandon Carlo 0 1 1 1 0 2 2 0 0 0 0/0 24:05 1:42 4:05
Brock Boeser 0 1 1 1 0 5 2 1 1 0 0/1 19:32 1:44 3:17
Corey Perry 0 0 0 -1 0 5 1 0 2 0 1/1 14:02 0:00 1:11
David Perron 0 1 1 0 0 9 1 1 0 1 1/1 18:25 1:46 3:08
David Savard 0 1 1 1 0 0 1 1 0 0 0/0 17:27 1:48 0:42
Dawson Mercer 0 0 0 -1 0 0 0 0 0 0 8/18 13:32 0:00 0:21
Derek Ryan 0 0 0 2 0 0 0 0 1 0 1/1 9:05 0:00 0:00
Jacob Trouba 1 0 1 1 2 5 2 0 2 0 0/0 22:57 1:42 3:01
Jake DeBrusk 0 0 0 1 0 1 0 1 1 0 0/0 16:12 1:44 0:04
Jeff Carter 1 0 1 1 0 1 3 1 1 2 6/15 15:58 1:36 0:00
Joey Anderson 1 1 2 2 0 1 1 1 0 1 0/0 9:05 0:00 0:00
Morgan Barron 1 1 2 2 0 1 1 0 0 0 1/1 9:15 0:08 0:00
Rasmus Ristolainen 0 0 0 0 0 0 1 0 0 2 0/0 17:26 0:00 0:00
Ryan McLeod 0 0 0 -1 0 1 0 0 0 0 0/0 12:51 0:00 0:00
Scott Mayfield 0 0 0 1 0 1 3 1 0 0 0/0 21:28 1:48 3:29
Troy Stecher 0 0 0 0 4 1 1 0 1 1 0/0 17:09 0:00 1:47
3 Stars
1 - Joey Anderson (EDM)
2 - Morgan Barron (EDM)
3 - Jeff Carter (EDM)
Power Play
Nashville Predators - 1 on 4 Attempt(s) - 25.00%
Edmonton Oilers - 1 on 3 Attempt(s) - 33.33%
Penalty Kill
Nashville Predators - 2 on 3 Attempt(s) - 66.67%
- Score 0 goal in Penalty Kill
Edmonton Oilers - 3 on 4 Attempt(s) - 75.00%
- Score 0 goal in Penalty Kill
Team Stat
Nashville Predators - Hits : 23 - Faceoff Wins : 26 - Blocked Shots : 14 - Penalty Minutes : 6
Edmonton Oilers - Hits : 23 - Faceoff Wins : 33 - Blocked Shots : 8 - Penalty Minutes : 8
Official
Referees : Jean Hebert and Chris Schlenker
Linesman : Jesse Marquis and Matt MacPherson
Game Notes
Justin Faulk is injured at 14:21 of 1st period (Left Knee)
Troy Stecher is injured at 12:10 of 3rd period (Left Foot)
Joey Anderson has scored in a empty net!
Jacob Trouba has scored in a empty net!
Finance
Level 1 -- Attendance: 5433 (90.55%) -- Ticket Income $488,970
Level 2 -- Attendance: 4376 (87.52%) -- Ticket Income $218,800
Level 3 -- Attendance: 2649 (88.30%) -- Ticket Income $79,470
Level 4 -- Attendance: 4631 (92.62%) -- Ticket Income $92,620
Luxury Box -- Attendance: 950 (95.00%) -- Ticket Income $180,500
Game was played at the Rexall Place.
Total Attendance: 18039 (90.20%)
Total Ticket Income: $1,060,360
Other Income: $371,126
Total Income: $1,431,486
Nashville Predators
5 vs 5 Forward
Center Left Wing Right Wing Time % Phy DF OF
1 Tage Thompson Timo Meier Alex DeBrincat 37 0 2 3
2 Colton Sissons Alexander Wennberg Ryan Hartman 25 0 2 3
3 Thomas Novak Pius Suter Leo Carlsson 20 0 2 3
4 Trevor Zegras Taylor Raddysh Kailer Yamamoto 18 0 2 3
5 vs 5 Defense
Defense Defense Time % Phy DF OF
1 Artem Zub Brandon Montour 25 1 2 2
2 Justin Faulk Travis Sanheim 25 1 4 0
3 Ben Chiarot Rasmus Andersson 25 1 4 0
4 Artem Zub Travis Sanheim 25 1 3 1
PowerPlay Forward
Center Left Wing Right Wing Time % Phy DF OF
1 Tage Thompson Timo Meier Alex DeBrincat 50 1 1 3
2 Colton Sissons Alexander Wennberg Ryan Hartman 50 1 1 3
PowerPlay Defense
Defense Defense Time % Phy DF OF
1 Brandon Montour Travis Sanheim 50 1 1 3
2 Artem Zub Rasmus Andersson 50 2 2 1
Penalty Kill 4 Players Forward
Center Wing Time % Phy DF OF
1 Colton Sissons Ryan Hartman 65 1 2 2
2 Leo Carlsson Alexander Wennberg 35 1 2 2
Penalty Kill 4 Players Defense
Defense Defense Time % Phy DF OF
1 Artem Zub Travis Sanheim 60 2 3 0
2 Ben Chiarot Rasmus Andersson 40 1 3 1
Penalty Kill - 3 Players Forward
Forward Time % Phy DF OF
1 Colton Sissons 50 1 2 2
2 Alexander Wennberg 50 1 2 2
Penalty Kill - 3 Players Defense
Defense Defense Time % Phy DF OF
1 Artem Zub Travis Sanheim 50 1 2 2
2 Ben Chiarot Rasmus Andersson 50 1 2 2
4 vs 4 Forward
Center Wing Time % Phy DF OF
1 Colton Sissons Leo Carlsson 50 1 2 2
2 Alexander Wennberg Ryan Hartman 50 1 2 2
4 vs 4 Defense
Defense Defense Time % Phy DF OF
1 Brandon Montour Travis Sanheim 60 2 2 1
2 Rasmus Andersson Artem Zub 40 2 2 1
Last Minutes Offensive
Center Left Wing Right Wing Defense Defense
Colton Sissons Alex DeBrincat Timo Meier Ryan Hartman Brandon Montour
Last Minutes Defensive
Center Left Wing Right Wing Defense Defense
Alexander Wennberg Trevor Zegras Colton Sissons Artem Zub Travis Sanheim
Goaltenders
Starting : Thatcher Demko
Backup : Anthony Stolarz
Extra Forwards
Normal : Leo Carlsson, Colton Sissons, Pius Suter - PP : Colton Sissons, Thomas Novak - PK : Leo Carlsson
Extra Defensemen
Normal : Rasmus Andersson, Brandon Montour, Travis Sanheim - PP : Rasmus Andersson - PK : Ben Chiarot, Artem Zub
Penalty Shots
Alex DeBrincat, Tage Thompson, Timo Meier, Ryan Hartman, Thomas Novak
Scratches
Christian Dvorak (Healthy), Victor Olofsson (Healthy), Simon Benoit (Healthy), Mads Sogaard (Healthy), Samuel Ersson (Healthy)
Edmonton Oilers
5 vs 5 Forward
Center Left Wing Right Wing Time % Phy DF OF
1 Boone Jenner David Perron Adrian Kempe 30 1 2 2
2 Jeff Carter Jake DeBrusk Brock Boeser 30 1 2 2
3 Dawson Mercer Ryan McLeod Corey Perry 25 1 2 2
4 Derek Ryan Morgan Barron Joey Anderson 15 1 2 2
5 vs 5 Defense
Defense Defense Time % Phy DF OF
1 Jacob Trouba Brandon Carlo 35 1 2 2
2 Rasmus Ristolainen Troy Stecher 35 1 2 2
3 Scott Mayfield David Savard 30 1 2 2
4 Jacob Trouba Brandon Carlo 0 1 2 2
PowerPlay Forward
Center Left Wing Right Wing Time % Phy DF OF
1 Boone Jenner David Perron Adrian Kempe 50 1 2 2
2 Jeff Carter Jake DeBrusk Brock Boeser 50 1 2 2
PowerPlay Defense
Defense Defense Time % Phy DF OF
1 Jacob Trouba Brandon Carlo 50 1 2 2
2 Scott Mayfield David Savard 50 1 2 2
Penalty Kill 4 Players Forward
Center Wing Time % Phy DF OF
1 Adrian Kempe Brock Boeser 50 1 2 2
2 Boone Jenner David Perron 50 1 2 2
Penalty Kill 4 Players Defense
Defense Defense Time % Phy DF OF
1 Jacob Trouba Brandon Carlo 50 1 2 2
2 Scott Mayfield Troy Stecher 50 1 2 2
Penalty Kill - 3 Players Forward
Forward Time % Phy DF OF
1 Adrian Kempe 50 1 2 2
2 Brock Boeser 50 1 2 2
Penalty Kill - 3 Players Defense
Defense Defense Time % Phy DF OF
1 Jacob Trouba Brandon Carlo 50 1 2 2
2 Scott Mayfield David Savard 50 1 2 2
4 vs 4 Forward
Center Wing Time % Phy DF OF
1 Adrian Kempe Brock Boeser 50 1 2 2
2 Boone Jenner David Perron 50 1 2 2
4 vs 4 Defense
Defense Defense Time % Phy DF OF
1 Jacob Trouba Brandon Carlo 50 1 2 2
2 Scott Mayfield Rasmus Ristolainen 50 1 2 2
Last Minutes Offensive
Center Left Wing Right Wing Defense Defense
Boone Jenner David Perron Adrian Kempe Jacob Trouba Brandon Carlo
Last Minutes Defensive
Center Left Wing Right Wing Defense Defense
Boone Jenner David Perron Adrian Kempe Jacob Trouba Brandon Carlo
Goaltenders
Starting : Juuse Saros
Backup : Jonathan Quick
Extra Forwards
Normal : Morgan Barron, Adrian Kempe, Corey Perry - PP : Morgan Barron, Adrian Kempe - PK : Corey Perry
Extra Defensemen
Normal : Scott Mayfield, Jacob Trouba, Brandon Carlo - PP : Scott Mayfield - PK : Brandon Carlo, Jacob Trouba
Penalty Shots
Adrian Kempe, Brock Boeser, Boone Jenner, David Perron, Jake DeBrusk
Scratches
Brett Pesce (Healthy), Julien Gauthier (Healthy), Tanner Jeannot (Healthy), Evan Bouchard (Healthy), Dylan Holloway (Healthy)
% Time on Ice - Nashville Predators
Lines # - Real PCT - Wanted PCT - Time Play
Normal Forward
1 - 33% - 37% - 16:18
2 - 25% - 25% - 12:10
3 - 22% - 20% - 10:55
4 - 21% - 18% - 10:11
Normal Defense
1 - 24% - 25% - 11:49
2 - 28% - 25% - 13:40
3 - 26% - 25% - 13:04
4 - 22% - 25% - 11:01
PP Forward
1 - 54% - 50% - 3:32
2 - 46% - 50% - 3:00
PP Defense
1 - 52% - 50% - 3:23
2 - 48% - 50% - 3:09
PK Forward
1 - 100% - 65% - 1:54
2 - 0% - 35% - 0:00
PK Defense
1 - 41% - 60% - 0:47
2 - 59% - 40% - 1:07
PK3 Forward
1 - 47% - 50% - 0:45
2 - 53% - 50% - 0:51
PK3 Defense
1 - 65% - 50% - 1:02
2 - 35% - 50% - 0:34
44 Forward
1 - 0% - 50%
2 - 0% - 50%
44 Defense
1 - 0% - 60%
2 - 0% - 40%
Last Minute Offensive - 0:24
Last Minute Defensive - 0:00
Total
Forward - 60:00
Defense - 60:00
|
% Time on Ice - Edmonton Oilers
Lines # - Real PCT - Wanted PCT - Time Play
Normal Forward
1 - 26% - 30% - 12:46
2 - 30% - 30% - 14:52
3 - 26% - 25% - 12:51
4 - 18% - 15% - 9:05
Normal Defense
1 - 34% - 35% - 16:53
2 - 37% - 35% - 18:30
3 - 29% - 30% - 14:08
4 - 0% - 0% - 0:03
PP Forward
1 - 50% - 50% - 1:46
2 - 50% - 50% - 1:44
PP Defense
1 - 49% - 50% - 1:42
2 - 51% - 50% - 1:48
PK Forward
1 - 52% - 50% - 3:25
2 - 48% - 50% - 3:07
PK Defense
1 - 44% - 50% - 2:54
2 - 56% - 50% - 3:38
PK3 Forward
1 - 0% - 50%
2 - 0% - 50%
PK3 Defense
1 - 0% - 50%
2 - 0% - 50%
44 Forward
1 - 0% - 50%
2 - 0% - 50%
44 Defense
1 - 0% - 50%
2 - 0% - 50%
Last Minute Offensive - 0:00
Last Minute Defensive - 0:24
Total
Forward - 60:00
Defense - 60:00
|
Play-by-Play
1st period
0:01 of 1st period - Tage Thompson wins face-off versus Boone Jenner in neutral zone.
0:25 of 1st period - Brandon Montour is hit by Jeff Carter and loses puck.
0:50 of 1st period - Troy Stecher is hit by Pius Suter and loses puck.
1:28 of 1st period - Snap shot by David Perron.
1:28 of 1st period - Shot Misses the Net.
1:59 of 1st period - Snap shot by Brock Boeser.
1:59 of 1st period - Shot Misses the Net.
2:37 of 1st period - Snap shot by Trevor Zegras.
2:37 of 1st period - Shot Blocked by Scott Mayfield.
2:39 of 1st period - Slapshot by Travis Sanheim.
2:39 of 1st period - Shot Blocked by David Savard.
2:41 of 1st period - Slapshot by Artem Zub.
2:41 of 1st period - Deflect By Scott Mayfield.
2:41 of 1st period - Stopped by Juuse Saros without a rebound.
2:42 of 1st period - Tage Thompson wins face-off versus Jeff Carter in Edmonton Oilers zone.
3:37 of 1st period - Wrist shot by Ryan Hartman.
3:37 of 1st period - Stopped by Juuse Saros with a rebound.
4:15 of 1st period - Tage Thompson is hit by Troy Stecher and loses puck.
4:38 of 1st period - Brandon Carlo is hit by Artem Zub and loses puck.
4:45 of 1st period - Slapshot by Jacob Trouba.
4:45 of 1st period - Shot Blocked by Brandon Montour.
5:24 of 1st period - David Savard is hit by Timo Meier and loses puck.
5:37 of 1st period - Jacob Trouba is hit by Thomas Novak and loses puck.
5:56 of 1st period - Snap shot by Colton Sissons.
5:56 of 1st period - Deflect By Ryan Hartman.
5:56 of 1st period - Stopped by Juuse Saros with a rebound.
5:58 of 1st period - Snap shot by Colton Sissons.
5:58 of 1st period - Stopped by Juuse Saros without a rebound.
5:59 of 1st period - Colton Sissons wins face-off versus Jeff Carter in Edmonton Oilers zone.
6:04 of 1st period - Wrist shot by Colton Sissons.
6:04 of 1st period - Stopped by Juuse Saros with a rebound.
6:06 of 1st period - Slapshot by Justin Faulk.
6:06 of 1st period - Deflect By Alexander Wennberg.
6:06 of 1st period - Shot Blocked by Jeff Carter.
6:06 of 1st period - Puck is out of play.
6:07 of 1st period - Tage Thompson wins face-off versus Jeff Carter in Edmonton Oilers zone.
6:08 of 1st period - Wrist shot by Timo Meier.
6:08 of 1st period - Stopped by Juuse Saros with a rebound.
6:34 of 1st period - Snap shot by Timo Meier.
6:34 of 1st period - Stopped by Juuse Saros without a rebound.
6:35 of 1st period - Boone Jenner wins face-off versus Colton Sissons in Edmonton Oilers zone.
6:37 of 1st period - Minor Penalty to Jacob Trouba for Holding.
6:38 of 1st period - Adrian Kempe wins face-off versus Tage Thompson in Edmonton Oilers zone.
7:03 of 1st period - Colton Sissons is hit by Adrian Kempe and loses puck.
7:10 of 1st period - Wrist shot by Travis Sanheim.
7:10 of 1st period - Deflect By Adrian Kempe.
7:10 of 1st period - Stopped by Juuse Saros with a rebound.
7:12 of 1st period - Wrist shot by Alexander Wennberg.
7:12 of 1st period - Goal by Alexander Wennberg - Nashville Predators : 1 - Edmonton Oilers : 0.
7:13 of 1st period - Dawson Mercer wins face-off versus Timo Meier in neutral zone.
7:38 of 1st period - Troy Stecher is hit by Taylor Raddysh and loses puck.
8:34 of 1st period - Wrist shot by Ryan Hartman.
8:34 of 1st period - Stopped by Juuse Saros without a rebound.
8:35 of 1st period - Tage Thompson wins face-off versus Dawson Mercer in Edmonton Oilers zone.
8:42 of 1st period - Wrist shot by Timo Meier.
8:42 of 1st period - Stopped by Juuse Saros with a rebound.
8:50 of 1st period - Slapshot by Corey Perry.
8:50 of 1st period - Deflect By Dawson Mercer.
8:50 of 1st period - Shot Misses the Net.
8:50 of 1st period - Puck is out of play.
8:51 of 1st period - Colton Sissons wins face-off versus Jeff Carter in Nashville Predators zone.
9:30 of 1st period - Artem Zub is hit by Scott Mayfield and loses puck.
9:42 of 1st period - Minor Penalty to Adrian Kempe for Cross-checking.
9:43 of 1st period - Corey Perry wins face-off versus Colton Sissons in Edmonton Oilers zone.
9:54 of 1st period - Troy Stecher is hit by Ryan Hartman and loses puck.
10:17 of 1st period - Jacob Trouba is hit by Timo Meier and loses puck.
11:39 of 1st period - Icing by Artem Zub.
11:40 of 1st period - Dawson Mercer wins face-off versus Thomas Novak in Nashville Predators zone.
11:42 of 1st period - Penalty to Adrian Kempe is over, Adrian Kempe is back on ice.
11:45 of 1st period - Snap shot by Adrian Kempe.
11:45 of 1st period - Stopped by Thatcher Demko with a rebound.
12:13 of 1st period - Wrist shot by Kailer Yamamoto.
12:13 of 1st period - Shot Blocked by Joey Anderson.
12:27 of 1st period - Snap shot by Colton Sissons.
12:27 of 1st period - Stopped by Juuse Saros with a rebound.
12:33 of 1st period - Wrist shot by Ryan Hartman.
12:33 of 1st period - Shot Misses the Net.
13:06 of 1st period - Snap shot by Joey Anderson.
13:06 of 1st period - Deflect By Morgan Barron.
13:06 of 1st period - Shot Blocked by Tage Thompson.
13:06 of 1st period - Puck is out of play.
13:07 of 1st period - Colton Sissons wins face-off versus Jeff Carter in Nashville Predators zone.
13:12 of 1st period - Alexander Wennberg is hit by Brock Boeser and loses puck.
14:21 of 1st period - Snap shot by Derek Ryan.
14:21 of 1st period - Shot Blocked by Justin Faulk.
14:21 of 1st period - Justin Faulk from Nashville Predators is injured at 14:21 of 1st period (Left Knee).
14:22 of 1st period - Jeff Carter wins face-off versus Tage Thompson in Nashville Predators zone.
14:31 of 1st period - Slapshot by Jake DeBrusk.
14:31 of 1st period - Shot Misses the Net.
15:00 of 1st period - Snap shot by David Perron.
15:00 of 1st period - Deflect By Ben Chiarot.
15:00 of 1st period - Stopped by Thatcher Demko without a rebound.
15:01 of 1st period - Dawson Mercer wins face-off versus Thomas Novak in Nashville Predators zone.
15:02 of 1st period - Snap shot by Corey Perry.
15:02 of 1st period - Deflect By Ryan McLeod.
15:02 of 1st period - Shot Misses the Net.
15:02 of 1st period - Puck is out of play.
15:03 of 1st period - Dawson Mercer wins face-off versus Thomas Novak in Nashville Predators zone.
15:33 of 1st period - Icing by Brock Boeser.
15:34 of 1st period - Jeff Carter wins face-off versus Tage Thompson in Edmonton Oilers zone.
16:05 of 1st period - Wrist shot by Timo Meier.
16:05 of 1st period - Shot Blocked by Brock Boeser.
16:27 of 1st period - Backhand shot by Jeff Carter.
16:27 of 1st period - Shot Misses the Net.
16:29 of 1st period - Slapshot by David Savard.
16:29 of 1st period - Shot Blocked by Artem Zub.
16:31 of 1st period - Wrist shot by Brock Boeser.
16:31 of 1st period - Shot Misses the Net.
16:33 of 1st period - Slapshot by Scott Mayfield.
16:33 of 1st period - Stopped by Thatcher Demko without a rebound.
16:34 of 1st period - David Perron wins face-off versus Colton Sissons in Nashville Predators zone.
16:37 of 1st period - Snap shot by David Perron.
16:37 of 1st period - Stopped by Thatcher Demko with a rebound.
16:39 of 1st period - Wrist shot by David Perron.
16:39 of 1st period - Shot Blocked by Travis Sanheim.
16:41 of 1st period - Snap shot by Boone Jenner.
16:41 of 1st period - Shot Blocked by Alexander Wennberg.
16:45 of 1st period - Wrist shot by David Perron.
16:45 of 1st period - Stopped by Thatcher Demko without a rebound.
16:46 of 1st period - Boone Jenner wins face-off versus Trevor Zegras in Nashville Predators zone.
16:51 of 1st period - Backhand shot by Adrian Kempe.
16:51 of 1st period - Shot Blocked by Artem Zub.
16:56 of 1st period - Icing by Travis Sanheim.
16:57 of 1st period - Boone Jenner wins face-off versus Trevor Zegras in Nashville Predators zone.
17:00 of 1st period - Snap shot by David Perron.
17:00 of 1st period - Stopped by Thatcher Demko with a rebound.
17:02 of 1st period - Slapshot by Brandon Carlo.
17:02 of 1st period - Stopped by Thatcher Demko with a rebound.
17:52 of 1st period - Slapshot by David Perron.
17:52 of 1st period - Shot Misses the Net.
17:54 of 1st period - Slapshot by Jacob Trouba.
17:54 of 1st period - Shot Blocked by Artem Zub.
18:00 of 1st period - Snap shot by Boone Jenner.
18:00 of 1st period - Stopped by Thatcher Demko with a rebound.
18:02 of 1st period - Snap shot by Brandon Carlo.
18:02 of 1st period - Shot Misses the Net.
18:04 of 1st period - Slapshot by Brandon Carlo.
18:04 of 1st period - Shot Misses the Net.
18:06 of 1st period - Slapshot by Jacob Trouba.
18:06 of 1st period - Shot Blocked by Artem Zub.
18:08 of 1st period - Slapshot by Brandon Carlo.
18:08 of 1st period - Shot Misses the Net.
18:10 of 1st period - Slapshot by Jacob Trouba.
18:10 of 1st period - Stopped by Thatcher Demko without a rebound.
18:11 of 1st period - Colton Sissons wins face-off versus Dawson Mercer in Nashville Predators zone.
18:16 of 1st period - Snap shot by Alexander Wennberg.
18:16 of 1st period - Shot Misses the Net.
18:29 of 1st period - Minor Penalty to Troy Stecher for Interference.
18:30 of 1st period - Adrian Kempe wins face-off versus Colton Sissons in Edmonton Oilers zone.
18:30 of 1st period - Adrian Kempe is hit by Ryan Hartman.
Goals for this period are 1 for Nashville Predators vs 0 for Edmonton Oilers.
Shots for this period are 12 for Nashville Predators vs 9 for Edmonton Oilers.
2nd period
0:01 of 2nd period - Boone Jenner wins face-off versus Alex DeBrincat in neutral zone.
0:06 of 2nd period - Slapshot by Boone Jenner.
0:06 of 2nd period - Shot Misses the Net.
0:08 of 2nd period - Slapshot by Jacob Trouba.
0:08 of 2nd period - Deflect By Timo Meier.
0:08 of 2nd period - Stopped by Thatcher Demko with a rebound.
0:15 of 2nd period - Snap shot by Boone Jenner.
0:15 of 2nd period - Shot Misses the Net.
0:17 of 2nd period - Wrist shot by David Perron.
0:17 of 2nd period - Stopped by Thatcher Demko with a rebound.
0:29 of 2nd period - Penalty to Troy Stecher is over, Troy Stecher is back on ice.
0:33 of 2nd period - Slapshot by Adrian Kempe.
0:33 of 2nd period - Shot Misses the Net.
0:35 of 2nd period - Snap shot by Brock Boeser.
0:35 of 2nd period - Deflect By Adrian Kempe.
0:35 of 2nd period - Stopped by Thatcher Demko without a rebound.
0:36 of 2nd period - Dawson Mercer wins face-off versus Thomas Novak in Nashville Predators zone.
1:09 of 2nd period - Slapshot by Jeff Carter.
1:09 of 2nd period - Shot Misses the Net.
1:28 of 2nd period - Slapshot by Jacob Trouba.
1:28 of 2nd period - Shot Blocked by Artem Zub.
1:35 of 2nd period - Off-side.
1:36 of 2nd period - Tage Thompson wins face-off versus Dawson Mercer in neutral zone.
1:58 of 2nd period - Icing by David Savard.
1:59 of 2nd period - Dawson Mercer wins face-off versus Colton Sissons in Edmonton Oilers zone.
2:04 of 2nd period - Alexander Wennberg is hit by Scott Mayfield and loses puck.
2:45 of 2nd period - David Savard is hit by Brandon Montour and loses puck.
3:10 of 2nd period - Rasmus Ristolainen is hit by Colton Sissons and loses puck.
3:34 of 2nd period - Off-side.
3:35 of 2nd period - Tage Thompson wins face-off versus Boone Jenner in neutral zone.
3:44 of 2nd period - Slapshot by Tage Thompson.
3:44 of 2nd period - Shot Blocked by David Perron.
3:46 of 2nd period - Backhand shot by Tage Thompson.
3:46 of 2nd period - Shot Misses the Net.
3:48 of 2nd period - Wrist shot by Tage Thompson.
3:48 of 2nd period - Stopped by Juuse Saros without a rebound.
3:49 of 2nd period - Jeff Carter wins face-off versus Tage Thompson in Edmonton Oilers zone.
4:00 of 2nd period - Snap shot by Alex DeBrincat.
4:00 of 2nd period - Stopped by Juuse Saros with a rebound.
4:02 of 2nd period - Snap shot by Tage Thompson.
4:02 of 2nd period - Shot Blocked by Jake DeBrusk.
4:04 of 2nd period - Backhand shot by Brandon Montour.
4:04 of 2nd period - Stopped by Juuse Saros with a rebound.
4:11 of 2nd period - Icing by Troy Stecher.
4:12 of 2nd period - Boone Jenner wins face-off versus Thomas Novak in Edmonton Oilers zone.
4:12 of 2nd period - Boone Jenner is hit by Leo Carlsson.
4:22 of 2nd period - Wrist shot by Adrian Kempe.
4:22 of 2nd period - Stopped by Thatcher Demko with a rebound.
4:24 of 2nd period - Slapshot by Troy Stecher.
4:24 of 2nd period - Stopped by Thatcher Demko with a rebound.
4:26 of 2nd period - Wrist shot by David Perron.
4:26 of 2nd period - Stopped by Thatcher Demko without a rebound.
4:27 of 2nd period - Dawson Mercer wins face-off versus Tage Thompson in Nashville Predators zone.
4:28 of 2nd period - Snap shot by Corey Perry.
4:28 of 2nd period - Stopped by Thatcher Demko with a rebound.
4:30 of 2nd period - Snap shot by Dawson Mercer.
4:30 of 2nd period - Shot Misses the Net.
5:25 of 2nd period - Wrist shot by Brock Boeser.
5:25 of 2nd period - Shot Blocked by Travis Sanheim.
5:27 of 2nd period - Wrist shot by Jake DeBrusk.
5:27 of 2nd period - Deflect By Brock Boeser.
5:27 of 2nd period - Stopped by Thatcher Demko with a rebound.
5:29 of 2nd period - Slapshot by Brandon Carlo.
5:29 of 2nd period - Shot Misses the Net.
5:31 of 2nd period - Snap shot by Jake DeBrusk.
5:31 of 2nd period - Deflect By Brock Boeser.
5:31 of 2nd period - Shot Misses the Net.
5:31 of 2nd period - Puck is out of play.
5:32 of 2nd period - Boone Jenner wins face-off versus Tage Thompson in Nashville Predators zone.
6:20 of 2nd period - Dawson Mercer is hit by Brandon Montour and loses puck.
6:37 of 2nd period - Wrist shot by David Perron.
6:37 of 2nd period - Stopped by Thatcher Demko with a rebound.
6:47 of 2nd period - Brandon Montour is hit by Brandon Carlo and loses puck.
7:10 of 2nd period - Rasmus Andersson is hit by David Savard and loses puck.
7:49 of 2nd period - Corey Perry is hit by Rasmus Andersson and loses puck.
8:20 of 2nd period - Wrist shot by Ryan McLeod.
8:20 of 2nd period - Shot Misses the Net.
9:00 of 2nd period - Wrist shot by Brock Boeser.
9:00 of 2nd period - Stopped by Thatcher Demko with a rebound.
9:18 of 2nd period - Derek Ryan is hit by Kailer Yamamoto and loses puck.
9:33 of 2nd period - Wrist shot by Alex DeBrincat.
9:33 of 2nd period - Shot Misses the Net.
9:35 of 2nd period - Snap shot by Alex DeBrincat.
9:35 of 2nd period - Shot Blocked by Boone Jenner.
9:37 of 2nd period - Wrist shot by Alex DeBrincat.
9:37 of 2nd period - Stopped by Juuse Saros without a rebound.
9:38 of 2nd period - Tage Thompson wins face-off versus Brock Boeser in Edmonton Oilers zone.
10:14 of 2nd period - Wrist shot by Jeff Carter.
10:14 of 2nd period - Goal by Jeff Carter - Nashville Predators : 1 - Edmonton Oilers : 1.
10:15 of 2nd period - Tage Thompson wins face-off versus Boone Jenner in neutral zone.
10:22 of 2nd period - Slapshot by Alex DeBrincat.
10:22 of 2nd period - Goal by Alex DeBrincat - Nashville Predators : 2 - Edmonton Oilers : 1.
10:23 of 2nd period - Boone Jenner wins face-off versus Alex DeBrincat in neutral zone.
11:51 of 2nd period - Ryan Hartman is hit by Rasmus Ristolainen and loses puck.
12:10 of 2nd period - Snap shot by Thomas Novak.
12:10 of 2nd period - Shot Misses the Net.
12:12 of 2nd period - Backhand shot by Brandon Montour.
12:12 of 2nd period - Shot Misses the Net.
12:14 of 2nd period - Snap shot by Thomas Novak.
12:14 of 2nd period - Stopped by Juuse Saros with a rebound.
12:16 of 2nd period - Slapshot by Rasmus Andersson.
12:16 of 2nd period - Stopped by Juuse Saros with a rebound.
12:28 of 2nd period - Travis Sanheim is hit by Adrian Kempe and loses puck.
13:07 of 2nd period - Wrist shot by Boone Jenner.
13:07 of 2nd period - Deflect By David Perron.
13:07 of 2nd period - Stopped by Thatcher Demko without a rebound.
13:08 of 2nd period - Jeff Carter wins face-off versus Tage Thompson in Nashville Predators zone.
13:13 of 2nd period - Snap shot by Jake DeBrusk.
13:13 of 2nd period - Stopped by Thatcher Demko with a rebound.
13:15 of 2nd period - Wrist shot by Jake DeBrusk.
13:15 of 2nd period - Shot Misses the Net.
13:17 of 2nd period - Snap shot by Jeff Carter.
13:17 of 2nd period - Shot Misses the Net.
13:33 of 2nd period - Brandon Montour is hit by Corey Perry and loses puck.
14:01 of 2nd period - Morgan Barron is hit by Ben Chiarot and loses puck.
14:21 of 2nd period - Taylor Raddysh is hit by Brandon Carlo and loses puck.
14:36 of 2nd period - David Perron is hit by Artem Zub and loses puck.
14:55 of 2nd period - Snap shot by Dawson Mercer.
14:55 of 2nd period - Shot Misses the Net.
15:19 of 2nd period - Snap shot by Brock Boeser.
15:19 of 2nd period - Stopped by Thatcher Demko without a rebound.
15:20 of 2nd period - Boone Jenner wins face-off versus Colton Sissons in Nashville Predators zone.
15:25 of 2nd period - Slapshot by Adrian Kempe.
15:25 of 2nd period - Stopped by Thatcher Demko with a rebound.
15:35 of 2nd period - Snap shot by Alexander Wennberg.
15:35 of 2nd period - Shot Misses the Net.
15:37 of 2nd period - Slapshot by Colton Sissons.
15:37 of 2nd period - Stopped by Juuse Saros without a rebound.
15:38 of 2nd period - Tage Thompson wins face-off versus Jeff Carter in Edmonton Oilers zone.
17:27 of 2nd period - Snap shot by Corey Perry.
17:27 of 2nd period - Stopped by Thatcher Demko with a rebound.
17:45 of 2nd period - Artem Zub is hit by Adrian Kempe and loses puck.
18:14 of 2nd period - Artem Zub is hit by Joey Anderson and loses puck.
18:48 of 2nd period - Slapshot by Corey Perry.
18:48 of 2nd period - Stopped by Thatcher Demko with a rebound.
18:50 of 2nd period - Snap shot by Corey Perry.
18:50 of 2nd period - Shot Misses the Net.
18:56 of 2nd period - Minor Penalty to Ben Chiarot for Roughing.
18:57 of 2nd period - Colton Sissons wins face-off versus Boone Jenner in Nashville Predators zone.
19:06 of 2nd period - Wrist shot by Colton Sissons.
19:06 of 2nd period - Stopped by Juuse Saros with a rebound.
19:08 of 2nd period - Snap shot by Colton Sissons.
19:08 of 2nd period - Stopped by Juuse Saros with a rebound.
19:22 of 2nd period - Brandon Montour is hit by Jacob Trouba and loses puck.
Goals for this period are 1 for Nashville Predators vs 1 for Edmonton Oilers.
Shots for this period are 10 for Nashville Predators vs 17 for Edmonton Oilers.
3rd period
0:01 of 3rd period - Boone Jenner wins face-off versus Colton Sissons in neutral zone.
0:04 of 3rd period - Snap shot by Adrian Kempe.
0:04 of 3rd period - Goal by Adrian Kempe - Nashville Predators : 2 - Edmonton Oilers : 2.
0:05 of 3rd period - Tage Thompson wins face-off versus Boone Jenner in neutral zone.
0:28 of 3rd period - Minor Penalty to Brandon Montour for Diving.
0:29 of 3rd period - Colton Sissons wins face-off versus Boone Jenner in Nashville Predators zone.
0:29 of 3rd period - Colton Sissons is hit by David Perron.
0:41 of 3rd period - Snap shot by Adrian Kempe.
0:41 of 3rd period - Shot Blocked by Artem Zub.
0:51 of 3rd period - Minor Penalty to Ryan Hartman for Roughing.
0:52 of 3rd period - Colton Sissons wins face-off versus Jeff Carter in Nashville Predators zone.
1:05 of 3rd period - Slapshot by Jacob Trouba.
1:05 of 3rd period - Stopped by Thatcher Demko with a rebound.
1:17 of 3rd period - Brock Boeser is hit by Colton Sissons.
2:28 of 3rd period - Penalty to Brandon Montour is over, Brandon Montour is back on ice.
2:51 of 3rd period - Penalty to Ryan Hartman is over, Ryan Hartman is back on ice.
2:56 of 3rd period - Icing by Ryan Hartman.
2:57 of 3rd period - Dawson Mercer wins face-off versus Colton Sissons in Nashville Predators zone.
3:12 of 3rd period - Wrist shot by Ryan McLeod.
3:12 of 3rd period - Shot Misses the Net.
3:22 of 3rd period - Ben Chiarot is hit by Morgan Barron and loses puck.
3:55 of 3rd period - Slapshot by Brandon Carlo.
3:55 of 3rd period - Stopped by Thatcher Demko with a rebound.
3:57 of 3rd period - Snap shot by Jacob Trouba.
3:57 of 3rd period - Stopped by Thatcher Demko with a rebound.
4:08 of 3rd period - Wrist shot by Morgan Barron.
4:08 of 3rd period - Goal by Morgan Barron - Nashville Predators : 2 - Edmonton Oilers : 3.
4:09 of 3rd period - Tage Thompson wins face-off versus Jeff Carter in neutral zone.
4:56 of 3rd period - Wrist shot by Corey Perry.
4:56 of 3rd period - Stopped by Thatcher Demko with a rebound.
4:58 of 3rd period - Snap shot by Corey Perry.
4:58 of 3rd period - Shot Misses the Net.
5:00 of 3rd period - Snap shot by Corey Perry.
5:00 of 3rd period - Stopped by Thatcher Demko without a rebound.
5:01 of 3rd period - Jeff Carter wins face-off versus Thomas Novak in Nashville Predators zone.
5:17 of 3rd period - Minor Penalty to Troy Stecher for High sticking.
5:18 of 3rd period - Boone Jenner wins face-off versus Colton Sissons in Edmonton Oilers zone.
5:44 of 3rd period - Travis Sanheim is hit by Adrian Kempe and loses puck.
7:17 of 3rd period - Penalty to Troy Stecher is over, Troy Stecher is back on ice.
7:50 of 3rd period - Dawson Mercer is hit by Leo Carlsson and loses puck.
7:55 of 3rd period - Wrist shot by Leo Carlsson.
7:55 of 3rd period - Shot Misses the Net.
8:25 of 3rd period - Icing by Derek Ryan.
8:26 of 3rd period - Morgan Barron wins face-off versus Pius Suter in Edmonton Oilers zone.
9:35 of 3rd period - Snap shot by Brock Boeser.
9:35 of 3rd period - Stopped by Thatcher Demko without a rebound.
9:36 of 3rd period - Jeff Carter wins face-off versus Tage Thompson in Nashville Predators zone.
10:20 of 3rd period - Timo Meier is hit by Brock Boeser and loses puck.
10:39 of 3rd period - Slapshot by Timo Meier.
10:39 of 3rd period - Stopped by Juuse Saros without a rebound.
10:40 of 3rd period - Boone Jenner wins face-off versus Colton Sissons in Edmonton Oilers zone.
11:47 of 3rd period - Derek Ryan is hit by Ryan Hartman.
11:58 of 3rd period - Snap shot by Morgan Barron.
11:58 of 3rd period - Shot Blocked by Travis Sanheim.
12:09 of 3rd period - Troy Stecher is hit by Travis Sanheim.
12:10 of 3rd period - Troy Stecher from Edmonton Oilers is injured at 12:10 of 3rd period (Left Foot).
12:11 of 3rd period - Boone Jenner wins face-off versus Tage Thompson in Edmonton Oilers zone.
13:24 of 3rd period - Tage Thompson is hit by Scott Mayfield and loses puck.
14:57 of 3rd period - Snap shot by David Perron.
14:57 of 3rd period - Shot Misses the Net.
14:59 of 3rd period - Wrist shot by Adrian Kempe.
14:59 of 3rd period - Deflect By Boone Jenner.
14:59 of 3rd period - Stopped by Thatcher Demko without a rebound.
15:00 of 3rd period - Colton Sissons wins face-off versus Jeff Carter in Nashville Predators zone.
15:00 of 3rd period - Colton Sissons is hit by Jeff Carter.
15:16 of 3rd period - Snap shot by Brock Boeser.
15:16 of 3rd period - Shot Misses the Net.
15:39 of 3rd period - Snap shot by Brandon Montour.
15:39 of 3rd period - Stopped by Juuse Saros with a rebound.
15:58 of 3rd period - Dawson Mercer is hit by Travis Sanheim and loses puck.
16:03 of 3rd period - Snap shot by Trevor Zegras.
16:03 of 3rd period - Stopped by Juuse Saros without a rebound.
16:04 of 3rd period - Derek Ryan wins face-off versus Tage Thompson in Edmonton Oilers zone.
16:52 of 3rd period - Kailer Yamamoto is hit by Jacob Trouba and loses puck.
17:01 of 3rd period - Wrist shot by David Perron.
17:01 of 3rd period - Stopped by Thatcher Demko with a rebound.
17:43 of 3rd period - Colton Sissons is hit by Jeff Carter.
17:49 of 3rd period - Jake DeBrusk is hit by Colton Sissons and loses puck.
18:02 of 3rd period - Snap shot by Brock Boeser.
18:02 of 3rd period - Stopped by Thatcher Demko with a rebound.
18:04 of 3rd period - Slapshot by Jacob Trouba.
18:04 of 3rd period - Deflect By Jeff Carter.
18:04 of 3rd period - Shot Misses the Net.
18:04 of 3rd period - Puck is out of play.
18:05 of 3rd period - Thomas Novak wins face-off versus Dawson Mercer in Nashville Predators zone.
18:18 of 3rd period - Snap shot by Leo Carlsson.
18:18 of 3rd period - Shot Misses the Net.
18:30 of 3rd period - Scott Mayfield is hit by Ben Chiarot and loses puck.
18:33 of 3rd period - Nashville Predators, Thatcher Demko is pulled from the net.
18:39 of 3rd period - Wrist shot by Joey Anderson.
18:39 of 3rd period - Goal by Joey Anderson - Nashville Predators : 2 - Edmonton Oilers : 4.
18:39 of 3rd period - Thatcher Demko from Nashville Predators was sent back in the game.
18:40 of 3rd period - Thomas Novak wins face-off versus Dawson Mercer in neutral zone.
18:43 of 3rd period - Slapshot by Travis Sanheim.
18:43 of 3rd period - Stopped by Juuse Saros without a rebound.
18:44 of 3rd period - Thomas Novak wins face-off versus Dawson Mercer in Edmonton Oilers zone.
18:47 of 3rd period - Snap shot by Leo Carlsson.
18:47 of 3rd period - Stopped by Juuse Saros without a rebound.
18:48 of 3rd period - Thomas Novak wins face-off versus Dawson Mercer in Edmonton Oilers zone.
18:51 of 3rd period - Wrist shot by Thomas Novak.
18:51 of 3rd period - Shot Misses the Net.
18:53 of 3rd period - Wrist shot by Leo Carlsson.
18:53 of 3rd period - Shot Misses the Net.
18:55 of 3rd period - Slapshot by Travis Sanheim.
18:55 of 3rd period - Deflect By Thomas Novak.
18:55 of 3rd period - Stopped by Juuse Saros without a rebound.
18:56 of 3rd period - Thomas Novak wins face-off versus Dawson Mercer in Edmonton Oilers zone.
18:57 of 3rd period - Slapshot by Pius Suter.
18:57 of 3rd period - Shot Misses the Net.
18:59 of 3rd period - Wrist shot by Thomas Novak.
18:59 of 3rd period - Stopped by Juuse Saros with a rebound.
19:01 of 3rd period - Slapshot by Travis Sanheim.
19:01 of 3rd period - Shot Misses the Net.
19:03 of 3rd period - Slapshot by Artem Zub.
19:03 of 3rd period - Deflect By Leo Carlsson.
19:03 of 3rd period - Stopped by Juuse Saros with a rebound.
19:05 of 3rd period - Wrist shot by Pius Suter.
19:05 of 3rd period - Goal by Pius Suter - Nashville Predators : 3 - Edmonton Oilers : 4.
19:06 of 3rd period - Boone Jenner wins face-off versus Colton Sissons in neutral zone.
19:17 of 3rd period - Nashville Predators, Thatcher Demko is pulled from the net.
19:27 of 3rd period - Snap shot by Adrian Kempe.
19:27 of 3rd period - Shot Blocked by Brandon Montour.
19:29 of 3rd period - Wrist shot by Jacob Trouba.
19:29 of 3rd period - Goal by Jacob Trouba - Nashville Predators : 3 - Edmonton Oilers : 5.
19:29 of 3rd period - Thatcher Demko from Nashville Predators was sent back in the game.
19:30 of 3rd period - Thomas Novak wins face-off versus Dawson Mercer in neutral zone.
19:43 of 3rd period - Snap shot by Ryan McLeod.
19:43 of 3rd period - Stopped by Thatcher Demko without a rebound.
19:44 of 3rd period - Trevor Zegras wins face-off versus Dawson Mercer in Nashville Predators zone.
Goals for this period are 1 for Nashville Predators vs 4 for Edmonton Oilers.
Shots for this period are 9 for Nashville Predators vs 14 for Edmonton Oilers.
Back to the Top